AoeStats
← abboood1998

Black Forest

504831302Analyzed
2v2 RM · 24d ago on Sep 6, 2026· 80m 26s· 4 players
Game mode
Random Map
Map size
Medium (4 player)
Population
200
Speed
Normal
Resources
Standard
Victory
Conquest
Starting age
Dark Age
Ending age
Imperial Age
RankedLock teamsTeams togetherTeam positionsShared explorationLock speedFull tech treeHidden civsTurbo modeCheats
Victory
Defeat
🇦🇷 Turks · Argentina
912
+16
🇦🇷 Spanish · Argentina
912
+16
🇨🇭 Japanese · Switzerland
941
-16
🇳🇴 Britons · Norway
902
-16
khalil_II
0:48 Loom
14:58 Feudal Age
19:16 Castle Age
17:58 Double-Bit Axe
17:55 Horse Collar
18:07 Gold Mining
24:42 Town Watch
25:35 Wheelbarrow
25:19 Stone Mining
28:06 Town Patrol
28:26 Hand Cart
28:19 Heavy Plow
30:16 Bow Saw
30:45 Gold Shaft Mining
35:00 Imperial Age
33:08 Caravan
37:13 Forging
37:58 Ballistics
37:24 Arrowslits
38:04 Bombard Tower
37:34 Arrowslits
37:45 Murder Holes
38:01 Artillery
38:22 Conscription
37:23 Elite Janissary
38:21 Bloodlines
38:11 Husbandry
38:49 Iron Casting
38:19 Scale Barding Armor
39:38 Chain Barding Armor
39:10 Fletching
39:21 Padded Archer Armor
41:08 Two-Man Saw
41:18 Guilds
43:08 Blast Furnace
42:44 Plate Barding Armor
42:04 Bodkin Arrow
42:24 Leather Archer Armor
43:44 Bracer
44:15 Ring Archer Armor
abboood1998
0:39 Loom
14:28 Feudal Age
15:56 Wheelbarrow
15:07 Town Watch
15:18 Double-Bit Axe
15:16 Horse Collar
15:29 Gold Mining
15:32 Stone Mining
25:20 Castle Age
26:22 Bow Saw
26:15 Heavy Plow
26:53 Stone Shaft Mining
27:06 Town Patrol
27:31 Caravan
28:47 Hand Cart
32:52 Imperial Age
32:19 Fortified Wall
32:21 Masonry
32:06 Murder Holes
34:20 Conscription
36:58 Two-Man Saw
36:17 Forging
36:07 Scale Mail Armor
36:12 Scale Barding Armor
36:50 Architecture
39:09 Chemistry
39:46 Iron Casting
40:09 Chain Mail Armor
40:21 Ballistics
39:52 Arson
40:08 Squires
39:53 Gambesons
39:31 Man-at-Arms
42:57 Blast Furnace
42:28 Plate Mail Armor
42:18 Chain Barding Armor
42:39 Long Swordsman
43:38 Bloodlines
43:43 Husbandry
43:04 Light Cavalry
44:03 Two-Handed Swordsman
45:44 Elite Conquistador
47:00 Hoardings
47:33 Hussar
48:51 Plate Barding Armor
47:45 Champion
stlar
4:13 Loom
14:20 Feudal Age
15:18 Horse Collar
16:47 Man-at-Arms
19:21 Double-Bit Axe
21:02 Wheelbarrow
24:47 Castle Age
22:56 Scale Mail Armor
23:45 Arson
24:30 Fletching
24:41 Padded Archer Armor
24:53 Forging
26:01 Heavy Plow
25:39 Long Swordsman
26:08 Gambesons
27:04 Bow Saw
29:59 Town Watch
30:48 Caravan
31:01 Squires
31:29 Elite Skirmisher
32:48 Leather Archer Armor
32:41 Pikeman
34:19 Ballistics
34:21 Stone Mining
34:22 Gold Mining
34:26 Stone Mining
34:53 Hand Cart
34:58 Bodkin Arrow
36:10 Coinage
36:27 Murder Holes
37:23 Town Patrol
38:07 Yeomen
39:05 Careening
38:54 Murder Holes
42:18 Imperial Age
40:46 Iron Casting
42:44 Elite Longbowman
44:04 Hoardings
44:55 Ring Archer Armor
44:26 Bracer
46:32 Banking
46:12 Guilds
48:24 Blast Furnace
47:39 Chain Mail Armor
47:29 Scale Barding Armor
48:30 Chemistry
47:41 Fortified Wall
47:22 Guard Tower
47:13 Treadmill Crane
47:43 Masonry
48:15 Halberdier
60:17 Conscription
60:30 Plate Mail Armor
67:13 Two-Man Saw
Juste LeBlanc
3:10 Loom
10:58 Feudal Age
16:00 Castle Age
14:04 Double-Bit Axe
14:02 Horse Collar
18:06 Bow Saw
19:13 Wheelbarrow
19:13 Heavy Plow
20:43 Town Watch
26:03 Hand Cart
25:55 Town Patrol
29:09 Gold Mining
29:11 Stone Mining
29:55 Scale Mail Armor
30:06 Forging
33:00 Imperial Age
31:03 Chain Mail Armor
32:01 Gold Shaft Mining
31:42 Devotion
32:10 Squires
32:50 Iron Casting
32:23 Gambesons
32:43 Arson
33:22 Masonry
34:03 Conscription
33:12 Pikeman
34:57 Two-Man Saw
34:33 Plate Mail Armor
35:04 Blast Furnace
34:12 Siege Engineers
35:08 Kataparuto
36:16 Chemistry
36:15 Ballistics
35:48 Fletching
36:47 Hoardings
35:35 Elite Samurai
37:07 Guard Tower
37:45 Bodkin Arrow
37:48 Halberdier
39:13 Keep
40:43 Bracer
43:20 Padded Archer Armor
43:34 Fortified Wall
44:33 Yasama
44:34 Murder Holes
44:57 Leather Archer Armor
44:50 Scale Barding Armor
48:42 Arrowslits
49:36 Elite Skirmisher
50:23 Thumb Ring
50:55 Ring Archer Armor
51:57 Capped Ram
56:58 Caravan
62:39 Onager
Connection lost

Rejoining the realm…

Still unreachable

The connection could not be restored.

Session expired

The server has moved on; the page needs a fresh start.